 Dungeon Crawl Stone Soup version 0.28.0 (webtiles) character file.

Game seed: 3454689528856472864

44700 dolemite99 the Destroyer (level 13, -7/103 HPs)
             Began as a Demonspawn Conjurer on Feb 9, 2022.
             Was an Elder of Vehumet.
             Killed from afar by a starcursed mass (9 damage)
             ... with an accursed screaming
             ... on level 2 of the Abyss.
             The game lasted 01:20:12 (40743 turns).

dolemite99 the Destroyer (Demonspawn Conjurer)     Turns: 40743, Time: 01:20:13

Health: -7/103     AC: 24    Str:  8    XL:     13   Next: 97%
Magic:  21/26      EV: 11    Int: 21    God:    Vehumet [****..]
Gold:   564        SH:  0    Dex: 11    Spells: 4/30 levels left

rFire   . . .      SeeInvis .   a - +0 dagger
rCold   + . .      Faith    .   (no shield)
rNeg    . . .      Spirit   .   M - +4 chain mail {rC+}
rPois   .          Reflect  .   (helmet restricted)
rElec   .          Harm     .   G - +0 cloak
rCorr   .          Rampage  .   k - +2 pair of gloves
Will    +....                   F - +2 pair of boots
Stlth   +.........              (no amulet)
HPRegen 0.27/turn               s - +4 ring of protection {=R}
MPRegen 0.20/turn               r - ring of willpower

@: no status effects
A: horns 1, spiny 2, sturdy frame 3, demonic magic 2, [dopey 2]
a: Renounce Religion


You were on level 2 of the Abyss.
You worshipped Vehumet.
Vehumet was greatly pleased with you.
You visited 3 branches of the dungeon, and saw 19 of its levels.
You visited the Abyss 1 time.
You also visited: Sewer.

You collected 1206 gold pieces.
You spent 642 gold pieces at shops.

Inventory:

Hand Weapons
 a - a +0 dagger (weapon)
 b - a +4 fustibalus
 e - a +0 rapier
 l - a +2 whip of venom
 H - the +3 trident of the Wasteland {protect, rC+ Int+3 Stlth+}
   (You found it on level 7 of the Dungeon)

   It grants its wielder temporary protection when it strikes (+7 to AC).
   Int:       It affects your intelligence (+3).
   rC:        It protects you from cold.
   Stlth:     It makes you more stealthy.
Missiles
 c - 381 stones
 f - 187 sling bullets
 p - 2 javelins
 u - 229 bolts
 x - 2 throwing nets
 z - 11 boomerangs (quivered)
 C - 248 arrows
Armour
 k - a +2 pair of gloves (worn)
 F - a +2 pair of boots (worn)
 G - a +0 cloak (worn)
 M - a +4 chain mail of cold resistance (worn)
Jewellery
 r - a ring of willpower (right hand)
 s - a +4 ring of protection (left hand) {=R}
 y - a +4 ring of protection
Wands
 d - a wand of polymorph (10)
 j - a wand of charming (4)
 J - a wand of flame (12)
 K - a wand of mindburst (1)
Scrolls
 g - a scroll of vulnerability
 n - a scroll of magic mapping
 w - 2 scrolls of silence
 D - a scroll of fog
 L - a scroll of enchant armour
 N - a scroll of identify {@r1}
Potions
 h - 2 potions of berserk rage {unknown}
 i - 4 potions of attraction
 m - 2 potions of curing
 q - a potion of ambrosia {unknown}
 t - 2 potions of magic {unknown}
 v - 2 potions of might {unknown}
 A - a potion of brilliance {unknown}
 B - 2 potions of flight {unknown}
 I - 5 potions of mutation


   Skills:
 - Level 10.0 Fighting
 - Level 4.7 Short Blades
 + Level 3.6 Slings
 - Level 3.3 Armour
 - Level 9.3 Dodging
 - Level 1.7 Stealth
 - Level 9.0 Spellcasting
 - Level 10.0 Conjurations
 - Level 7.3 Hexes
 - Level 6.6 Translocations
 - Level 4.0 Fire Magic
 - Level 4.0 Air Magic
 - Level 5.5 Earth Magic


You had 4 spell levels left.
You knew the following spells:

 Your Spells              Type           Power      Damage    Failure   Level
a - Stone Arrow           Conj/Erth      84%        3d12      1%          3
b - Scorch                Fire           52%        2d7       3%          2
c - Dazzling Flash        Conj/Hex       92%        N/A       1%          3
d - Fulminant Prism       Conj/Hex       23%        3d13      3%          4
e - Iskenderun's Mystic   Conj/Tloc      44%        2d10      3%          4
f - Conjure Flame         Conj/Fire      39%        6-21      1%          3
h - Magic Dart            Conj           100%       1d8       1%          1
i - Searing Ray           Conj           100%       2d8       1%          2
j - Flame Wave            Conj/Fire      39%        2d9       6%          4

Your spell library contained the following spells:

 Spells                   Type           Power      Damage    Failure   Level
 Irradiate                Conj/Tmut      15%        3d19      34%         5
 Static Discharge         Conj/Air       39%        N/A       1%          2
 Sticky Flame             Conj/Fire      39%        2d6       6%          4
 Portal Projectile        Hex/Tloc       76%        N/A       7%          3
 Gell's Gravitas          Tloc           37%        N/A       9%          3
 Teleport Other           Tloc           37%        N/A       9%          3
 Leda's Liquefaction      Hex/Erth       18%        N/A       28%         4
 Beastly Appendage        Tmut           18%        N/A       38%         1
 Wereblood                Tmut           9%         N/A       52%         2
 Call Canine Familiar     Summ           9%         N/A       77%         3
 Ozocubu's Armour         Ice            9%         N/A       77%         3
 Spider Form              Tmut/Pois      9%         N/A       77%         3
 Dispel Undead            Necr           9%         3d8       99%         4
 Summon Ice Beast         Ice/Summ       9%         N/A       99%         4
 Starburst                Conj/Fire      19%        6d7       63%         6
 Metabolic Englaciation   Hex/Ice        12%        N/A       95%         5
 Summon Mana Viper        Hex/Summ       24%        N/A       95%         5
 Summon Forest            Summ/Tloc      11%        N/A       96%         5
 Dispersal                Tloc           18%        N/A       99%         6
 Simulacrum               Ice/Necr       4%         N/A       100%        6
 Summon Cactus Giant      Summ           4%         N/A       100%        6
 Monstrous Menagerie      Summ           4%         N/A       100%        7


Dungeon Overview and Level Annotations

Branches:
Dungeon (13/15)            Temple (0/1) D:7            Lair (5/6) D:11
 Shoals (0/4) Lair:4       Spider (0/4) Lair:4          Orc (1/2) D:9
 Vaults (0/5) D:13          Sewer (visited)
  Slime: Lair:5-6

Altars:
Ashenzari
Cheibriados
Fedhas
Gozag
Kikubaaqudgha
Nemelex Xobeh
Qazlal
Trog
Vehumet
Wu Jian
Yredelemnul
The Shining One
Beogh
Jiyva

Shops:
D:13 (*

Portals:
Trove: D:13 (give +4 shadow dragon scales)

Annotations:
D:8 2 transporters, BubbleThief's ghost, novice MfIE
D:9 5 runed translucent doors, exclusion: downstairs
D:10 2 transporters
D:12 1 runed translucent door, Zirot's ghost, journeyman GrFi
D:13 Erolcha
Lair:5 exclusion: oklob plant


Innate Abilities, Weirdness & Mutations

You have a pair of small horns on your head.
You are mostly covered in sharp spines.
Your movements are significantly less encumbered by armour. (ER -6)
Spells you cast may paralyse nearby enemies.
[You are very dopey. (Int -4)]


Message History

You kill the golden eye!
That felt strangely unrewarding.
You feel your power returning.
The mystic blast hits the golden eye!
The golden eye is severely wounded.
The golden eye is knocked back by the mystic blast.
The golden eye slams into the crystal wall!
You kill the golden eye!
That felt strangely unrewarding.
You feel your power returning.
The mystic blast hits the golden eye!
You kill the golden eye!
That felt strangely unrewarding.
You feel your power returning.
The mystic blast hits the small abomination.
You destroy the small abomination!
That felt strangely unrewarding.
You feel your power returning. Malevolent energies surge around you.
The wretched star glows turbulently.
The lance of force hits you.
You are knocked back by the lance of force.
You slam into the stone wall!
A tentacled starspawn comes into view.
Tentacles burst from the starspawn's body! 2 starspawn tentacles come into view.
The wretched star glows turbulently.
The lance of force hits you!
You are knocked back by the lance of force.
You slam into the rock wall!
Okay, then.
A starcursed mass comes into view.
A starcursed mass splits.
A starcursed mass splits.
The large abomination hits you.
The wretched star glows turbulently.
The lance of force hits you!!
* * * LOW HITPOINT WARNING * * *
You are knocked back by the lance of force.
You slam into the stone wall!
* * * LOW HITPOINT WARNING * * *
A starcursed mass splits.
A chorus of shrieks assaults your mind.
You die...

..##..#.#..#. ## .
#.
#.....#..X......#.
#
..#...X.#..###.#..
.# #..#.#.......##
# . # #......#.#
#..##### .#
###..###..##X..# .
# #.*#...#.##.
..#.....
#...X##X##*### #..
###.@##..#.#.###X.#
#####...##.##. . #
#..#X. ..# ...#
#.#...#.. # .
#..#wX# #.# .. #
#.# w .. .....
#.#..#.. # .##.
.#.#.##.# # # .#. .
...


You could see 2 starcursed masses, a wretched star and a large abomination.

Vanquished Creatures
  Kirke (D:13)
  An ophan (Abyss:2)
  Harold (D:8)
  2 centaur warriors
  A vault guard (D:13)
  8 hydras
  A boulder beetle (Lair:5)
  2 death knights
  A satyr (shapeshifter) (D:13)
  5 two-headed ogres
  A tengu warrior (D:13)
  A skeletal warrior (D:13)
  2 phantasmal warriors
  2 deep elf pyromancers (D:13)
  2 manticores
  4 cyclopes
  7 elephants
  3 black mambas
  Joseph (D:8)
  2 torpor snails (Lair:5)
  9 cane toads
  2 unseen horrors (D:11)
  A freezing wraith (D:12)
  2 ice devils (D:11)
  2 rime drakes
  7 komodo dragons
  3 trolls
  2 polar bears
  A wind drake (Lair:4)
  7 dream sheep (Lair:4)
  7 blink frogs
  2 slime creatures
  Sigmund (D:6)
  6 yaks (Lair:5)
  5 hogs (D:13)
  A fire bat (Abyss:2)
  3 wyverns
  6 wraiths
  5 golden eyes (Abyss:2)
  3 redbacks (Lair:4)
  Menkaure (D:4)
  An acid dragon (D:11)
  4 vampire mosquitoes
  Edmund (D:5)
  A harpy simulacrum (Abyss:2)
  8 water moccasins
  6 orc warriors
  A sky beast (D:7)
  2 black bears
  2 necrophages
  2 ogres
  21 wolves
  2 centaurs
  2 kobold brigands
  Blork the orc (D:6)
  10 bullfrogs
  4 scorpions
  A small abomination (Abyss:2)
  2 water moccasin skeletons
  15 wights
  An electric eel (Lair:4)
  6 centaur zombies
  A hound (D:5)
  A quasit (Abyss:2)
  4 orc priests
  4 jellies
  A centaur skeleton (D:6)
  3 iguanas
  Jessica (D:3)
  2 orc wizards
  A scorpion zombie (D:5)
  2 killer bee zombies (D:7)
  4 gnolls (D:3)
  A howler monkey skeleton (D:5)
  9 adders
  2 white imps
  An ufetubus (D:5)
  A worm (D:3)
  2 dart slugs (D:4)
  42 orcs
  15 ball pythons
  9 endoplasms
  8 giant cockroaches
  6 goblins
  6 hobgoblins
  4 jackals (D:3)
  19 quokkas
  2 bats
  9 frilled lizards
  16 kobolds
  5 rats
398 creatures vanquished.

Vanquished Creatures (others)
  A bush (Lair:5)
  71 fulminant prisms
  37 fungi
  57 plants
  2 starspawn tentacles (Abyss:2)
  3 withered plants (D:3)
171 creatures vanquished.

Grand Total: 569 creatures vanquished

Notes
Turn   | Place    | Note
-------+----------+-------------------------------------------
     0 | D:1      | dolemite99 the Demonspawn Conjurer began the quest for the
                  | Orb.
     0 | D:1      | Reached XP level 1. HP: 13/13 MP: 3/3
   770 | D:1      | Gained mutation: Spells you cast may paralyse adjacent
                  | enemies. [demonic ancestry]
   770 | D:1      | Reached XP level 2. HP: 19/19 MP: 1/5
  1683 | D:2      | Gained mutation: Your movements are slightly less
                  | encumbered by armour. (ER -2) [demonic ancestry]
  1683 | D:2      | Reached XP level 3. HP: 24/24 MP: 4/6
  1781 | D:2      | Reached skill level 5 in Conjurations
  1881 | D:2      | Got Uhulaso's Grimoire of a Billion Princes
  2022 | D:2      | Learned a level 2 spell: Searing Ray
  2098 | D:3      | Found a glowing drain.
  2174 | Sewer    | Entered a sewer
  2206 | Sewer    | Reached skill level 1 in Short Blades
  2839 | Sewer    | Gained mutation: Your movements are less encumbered by
                  | armour. (ER -4) [demonic ancestry]
  2839 | Sewer    | Reached XP level 4. HP: 22/30 MP: 5/7
  3699 | Sewer    | Noticed a bullfrog
  3709 | Sewer    | Killed a bullfrog
  3710 | Sewer    | Reached XP level 5. HP: 35/35 MP: 1/8
  3786 | Sewer    | Learned a level 3 spell: Dazzling Flash
  4825 | D:3      | Noticed Jessica
  4835 | D:3      | Killed Jessica
  5061 | D:3      | Gained mutation: Your movements are significantly less
                  | encumbered by armour. (ER -6) [demonic ancestry]
  5061 | D:3      | Reached XP level 6. HP: 33/41 MP: 2/9
  5454 | D:3      | Found a faded altar of an unknown god.
  5463 | D:3      | Prayed at the altar of an unknown god.
  5463 | D:3      | Became a worshipper of Vehumet
  5463 | D:3      | Reached * piety under Vehumet
  5463 | D:3      | Offered knowledge of Shock by Vehumet.
  6061 | D:4      | Noticed Menkaure
  6067 | D:4      | Killed Menkaure
  6144 | D:4      | Learned a level 4 spell: Fulminant Prism
  6676 | D:4      | Reached skill level 1 in Hexes
  6871 | D:5      | Entered Level 5 of the Dungeon
  6908 | D:5      | Gained mutation: You have a pair of small horns on your
                  | head. [demonic ancestry]
  6908 | D:5      | Reached XP level 7. HP: 45/46 MP: 3/11
  8257 | D:5      | Noticed Edmund
  8280 | D:5      | Killed Edmund
  8281 | D:5      | Reached skill level 5 in Hexes
  8933 | D:6      | Reached XP level 8. HP: 52/52 MP: 6/14
  9038 | D:6      | Noticed Blork the orc
  9048 | D:6      | Killed Blork the orc
  9411 | D:6      | Noticed Sigmund
  9431 | D:6      | Killed Sigmund
  9432 | D:6      | Reached skill level 5 in Spellcasting
 10313 | D:7      | Found a radiant altar of Vehumet.
 11618 | D:7      | Identified the +3 trident of the Wasteland {protect, rC+
                  | Int+3 Stlth+}
 11782 | D:7      | Reached XP level 9. HP: 48/57 MP: 13/16
 11936 | D:7      | Found a staircase to the Ecumenical Temple.
 12156 | D:7      | Learned a level 4 spell: Iskenderun's Mystic Blast
 12380 | D:8      | Found a transporter.
 12408 | D:8      | Found a transporter.
 12409 | D:8      | Noticed a moth of wrath
 12411 | D:8      | Noticed BubbleThief's ghost (novice MfIE)
 12518 | D:8      | Reached skill level 1 in Fighting
 12518 | D:8      | Reached skill level 1 in Translocations
 12912 | D:8      | Noticed Harold
 12923 | D:8      | Paralysed by Harold for 5 turns
 12931 | D:8      | Paralysed by Harold for 4 turns
 12936 | D:8      | Killed Harold
 13501 | D:8      | Noticed Joseph
 13521 | D:8      | HP: 4/94 [Joseph/sling bullet (11)]
 13528 | D:8      | HP: 1/94 [Joseph (5)]
 13530 | D:8      | Killed Joseph
 14136 | D:8      | Reached skill level 5 in Translocations
 14318 | D:9      | Noticed a two-headed ogre
 14325 | D:9      | Reached ** piety under Vehumet
 14325 | D:9      | Offered knowledge of Static Discharge by Vehumet.
 14330 | D:9      | Killed a two-headed ogre
 14331 | D:9      | Reached XP level 10. HP: 23/71 MP: 5/17
 15038 | D:9      | Found a staircase to the Orcish Mines.
 15063 | D:9      | Noticed a cyclops
 15474 | D:9      | Killed a cyclops
 15694 | D:9      | Noticed a wolf spider
 15695 | D:9      | Found the +9 staff of Olgreb {rPois∞}
 15702 | D:9      | Found a runed translucent door.
 15726 | D:9      | Found a runed translucent door.
 15733 | D:9      | Noticed a black mamba
 15734 | D:9      | Found a runed translucent gate.
 15734 | D:9      | Found a runed translucent gate.
 15734 | D:9      | Noticed a black mamba
 15734 | D:9      | Noticed a wolf spider
 15734 | D:9      | Noticed a black mamba
 15772 | D:9      | Found a runed translucent gate.
 15773 | D:9      | Noticed a wolf spider
 15773 | D:9      | Noticed a wolf spider
 15822 | D:9      | Found a blossoming altar of Fedhas.
 16172 | D:9      | Found a snail-covered altar of Cheibriados.
 16172 | D:9      | Found a sparkling altar of Nemelex Xobeh.
 16173 | D:9      | Found a broken altar of Ashenzari.
 16374 | D:9      | Learned a level 3 spell: Conjure Flame
 16723 | D:10     | Entered Level 10 of the Dungeon
 16739 | D:10     | Noticed a seven-headed hydra
 17120 | D:10     | Reached skill level 1 in Fire Magic
 17267 | D:10     | Found a bloodstained altar of Trog.
 17267 | D:10     | Found an opulent altar of Gozag.
 17320 | D:10     | Noticed a two-headed ogre
 17345 | D:10     | Killed a two-headed ogre
 18058 | D:10     | Found a basalt altar of Yredelemnul.
 18060 | D:10     | Noticed a death knight
 18116 | D:10     | Noticed a death knight
 18120 | D:10     | Found a transporter.
 18338 | D:10     | Killed a seven-headed hydra
 18743 | D:10     | Found an ornate altar of the Wu Jian Council.
 18775 | D:10     | Found a transporter.
 18778 | D:10     | Found an ancient bone altar of Kikubaaqudgha.
 18887 | D:10     | Learned a level 2 spell: Static Discharge
 19235 | D:11     | Reached skill level 1 in Air Magic
 19513 | D:11     | Gained mutation: You are partially covered in sharp spines.
                  | [demonic ancestry]
 19513 | D:11     | Reached XP level 11. HP: 78/78 MP: 11/18
 19752 | D:11     | Noticed a red ugly thing
 19784 | D:11     | Found a staircase to the Lair.
 19902 | D:11     | Noticed a centaur warrior
 19940 | Lair:1   | Entered Level 1 of the Lair of Beasts
 20332 | Lair:1   | Noticed a four-headed hydra
 20556 | Lair:1   | Offered knowledge of Stone Arrow by Vehumet.
 20672 | Lair:1   | Killed a four-headed hydra
 20673 | Lair:1   | Reached skill level 5 in Fighting
 20673 | Lair:1   | Reached skill level 5 in Dodging
 21529 | Lair:1   | Noticed a six-headed hydra
 21538 | Lair:1   | Killed a six-headed hydra
 22907 | Lair:2   | Learned a level 3 spell: Stone Arrow
 23151 | Lair:2   | You fall into a shaft and drop 1 floor!
 24298 | Lair:3   | Noticed a five-headed hydra
 24309 | Lair:3   | Killed a five-headed hydra
 24718 | Lair:3   | Noticed a six-headed hydra
 24991 | Lair:3   | HP: 2/82 [six-headed hydra (11)]
 25957 | Lair:4   | Found a hole to the Spider Nest.
 26072 | Lair:3   | Gained mutation: You are mostly covered in sharp spines.
                  | [demonic ancestry]
 26072 | Lair:3   | Reached XP level 12. HP: 71/89 MP: 9/22
 26144 | Lair:4   | Noticed a five-headed hydra
 26144 | Lair:4   | Found a staircase to the Shoals.
 26460 | Lair:3   | Learned a level 2 spell: Scorch
 27424 | Lair:4   | Reached *** piety under Vehumet
 27425 | Lair:4   | Reached skill level 10 in Conjurations
 27664 | Lair:4   | Found a stormy altar of Qazlal.
 27807 | Lair:4   | Reached skill level 1 in Earth Magic
 29553 | Lair:5   | Reached skill level 5 in Earth Magic
 30069 | Lair:5   | Offered knowledge of Flame Wave by Vehumet.
 31053 | Lair:5   | Noticed a six-headed hydra
 31292 | Lair:5   | Noticed a dire elephant
 31323 | Lair:5   | Noticed a dire elephant
 31323 | Lair:5   | Noticed a boulder beetle
 31769 | Lair:5   | Noticed a catoblepas
 32028 | Lair:5   | Killed a boulder beetle
 32139 | Lair:5   | Killed a six-headed hydra
 32140 | Lair:5   | Gained mutation: Spells you cast may paralyse nearby
                  | enemies. [demonic ancestry]
 32140 | Lair:5   | Reached XP level 13. HP: 61/99 MP: 11/24
 33009 | Orc:1    | Entered Level 1 of the Orcish Mines
 33009 | Orc:1    | Noticed an ettin
 34128 | D:11     | Reached **** piety under Vehumet
 34993 | D:12     | Found a viscous altar of Jiyva.
 35434 | D:12     | Learned a level 4 spell: Flame Wave
 35783 | D:12     | Found a runed translucent door.
 35784 | D:12     | Noticed Zirot's ghost (journeyman GrFi)
 36047 | D:12     | Offered knowledge of Irradiate by Vehumet.
 36660 | D:13     | Found Naschibra's General Store.
 36795 | D:13     | Found a portal to a secret trove of treasure.
 36797 | D:13     | Bought a potion of haste for 130 gold pieces
 37875 | D:13     | Reached skill level 10 in Fighting
 37983 | D:13     | Noticed Kirke
 38569 | D:13     | Killed Kirke
 38722 | D:13     | Found Noirraenk's Firing Range.
 38840 | D:13     | Bought a +3 fustibalus for 512 gold pieces
 38921 | D:13     | Reached skill level 1 in Slings
 40372 | D:13     | Found a gate to the Vaults.
 40408 | D:13     | Noticed Erolcha
 40414 | D:13     | Cast into level 2 of the Abyss (Erolcha)
 40489 | Abyss:2  | Noticed a bone dragon
 40534 | Abyss:2  | Noticed an ophan
 40609 | Abyss:2  | Killed an ophan
 40735 | Abyss:2  | Noticed a tentacled starspawn
 40741 | Abyss:2  | Noticed a starcursed mass
 40743 | Abyss:2  | HP: 2/103 [stone wall collision (13)]
 40743 | Abyss:2  | Killed from afar by a starcursed mass

Illustrated notes

Levels and vault maps discovered:
D:1:      lightli_arrival_flooded_house, layout_loops_cross
D:2:      layout_basic
D:3:      layout_basic, portal_sewer_entry_f,
          ebering_ecumenical_altar_petrified, kennysheep_jessica_study
D:4:      layout_loops_cross, dk_rats_in_the_wall, uniq_menkaure
D:5:      layout_cave_pools, small_statue_intersection, uniq_edmund
D:6:      layout_loops_ring, mainiacjoe_overflow_alcove_2, uniq_blork_the_orc,
          uniq_sigmund
D:7:      layout_rooms, vehumet_altar_wand_db, nicolae_overflow_hidden_temple,
          minmay_temple_entry_wispy, mrwooster_statue_mirror
D:8:      layout_loops_ring, gammafunk_ghost_berserking_beasts, uniq_joseph,
          uniq_harold
D:9:      layout_rooms, mainiacjoe_overflow_paths,
          gammafunk_temple_overflow_claw, david_orc_2,
          minmay_guarded_unrand_staff_of_olgreb
D:10:     layout_roguey [special_room_orc], gammafunk_temple_of_torment,
          amethyst_overflow_temple_binary, general_overflow_altar
D:11:     layout_basic, grunt_lair_entry_orc_guard_hut,
          portal_ice_cave_demonic_guard
D:12:     layout_cross, ebering_ghost_inner_flame, jiyva_altar_1
D:13:     layout_roguey, david_vaults_5, nicolae_trove_entry_crossroad,
          serial_shops, nicolae_stop_n_shop_1, nicolae_shop_firing_range,
          uniq_kirke, uniq_erolcha, uniq_rupert
Lair:1:   layout_regular_city
Lair:2:   layout_cave_pods, wad_woods_03
Lair:3:   layout_gridlike, infiniplex_staircase_pool_2, grunt_megastairs_2
Lair:4:   layout_cave_shapes, minmay_shoals_entry_beasts,
          spider_nest_entry_webs, basic_altar, serial_rivers,
          chequers_serial_rivers_micro_e, chequers_serial_rivers_micro_a,
          chequers_serial_rivers_marsh, chequers_serial_rivers_small_a,
          chequers_serial_rivers_small_3, serial_bayou_shore_a
Lair:5:   nzn_winding_woodlands_stair_trap [nzn_winding_woodlands_5x15_twine,
          nzn_winding_woodlands_5x15_zeroes,
          nzn_winding_woodlands_5x15_sidewinder,
          nzn_winding_woodlands_15x15_thick_spiral,
          nzn_winding_woodlands_5x15_cabin,
          nzn_winding_woodlands_5x15_river_crossing,
          nzn_winding_woodlands_5x15_garden], layout_cave_shapes,
          minmay_slime_entry_oklob_enclosed, minivault_11, minivault_19
Orc:1:    layout_caves, serial_shops, nicolae_lakefront_shop
Abyss:2:  base: D:7, evilmike_abyss_exit_16, minivault_20

Skill      XL: |  1  2  3  4  5  6  7  8  9 10 11 12 13 |
---------------+----------------------------------------+-----
Conjurations   | 5 6 7 8 9 10 | 10.0
Short Blades   | 1 2 4 |  4.7
Spellcasting   | 3 4 5 6 7 9 |  9.0
Hexes          | 1 5 6 7 |  7.3
Dodging        | 3 4 6 7 9 |  9.3
Fighting       | 4 6 8 10 | 10.0
Translocations | 5 6 |  6.6
Fire Magic     | 4 |  4.0
Air Magic      | 2 4 |  4.0
Earth Magic    | 5 |  5.5
Armour         | 3 |  3.3
Slings         | 3 |  3.6
Stealth        | |  1.7

Action                   |  1- 3 |  4- 6 |  7- 9 | 10-12 | 13-15 || total
-------------------------+-------+-------+-------+-------+-------++-------
Melee: Dagger            |     6 |       |       |    31 |    20 ||    57
       Whip              |    34 |    39 |    65 |    21 |       ||   159
       Punch             |     1 |       |     1 |     2 |       ||     4
       Headbutt          |       |       |    15 |    62 |    15 ||    92
       Trident           |       |       |    14 |   118 |    16 ||   148
       Rapier            |       |       |       |    69 |       ||    69
 Fire: Fustibalus        |       |       |       |       |    14 ||    14
Throw: Boomerang         |       |       |       |    61 |    34 ||    95
       Throwing net      |       |       |       |     1 |     3 ||     4
 Cast: Magic Dart        |    65 |    95 |    68 |    78 |       ||   306
       Searing Ray       |     2 |    11 |    47 |    57 |    13 ||   130
       Fulminant Prism   |       |       |     7 |    48 |    17 ||    72
       Iskenderun's Myst |       |       |       |     7 |    10 ||    17
       Stone Arrow       |       |       |       |    62 |    95 ||   157
       Dazzling Flash    |       |       |       |    30 |     6 ||    36
       Conjure Flame     |       |       |       |     7 |    10 ||    17
       Scorch            |       |       |       |     2 |     3 ||     5
       Flame Wave        |       |       |       |       |     5 ||     5
       Static Discharge  |       |       |       |       |     1 ||     1
Evoke: Wand              |       |       |     3 |    15 |    16 ||    34
  Use: Scroll            |       |     9 |     9 |    11 |     6 ||    35
       Potion            |       |       |     4 |     5 |     6 ||    15
 Stab: Paralysed         |     4 |     1 |     3 |    20 |     9 ||    37
       Sleeping          |     1 |       |     1 |       |       ||     2
       Invisible         |       |       |       |     5 |       ||     5
Armor: Robe              |    10 |       |    37 |     5 |       ||    52
       Ring mail         |       |    33 |    24 |       |       ||    57
       Skin              |       |       |     7 |       |       ||     7
       Scale mail        |       |       |       |   282 |    44 ||   326
       Chain mail        |       |       |       |       |    63 ||    63
Dodge: Dodged            |    30 |    39 |   102 |   331 |    96 ||   598
